 Dungeon Crawl Stone Soup version 0.17-a0-1718-g72dbe4d (webtiles) character file.

106259 Blue the Unseen (level 15, -3/103 HPs)
             Began as a Vampire Assassin on Aug 26, 2015.
             Was the Champion of Dithmenos.
             Slain by a sixfirhy (11 damage)
             ... on level 1 of the Abyss on Aug 27, 2015.
             The game lasted 02:28:03 (29749 turns).

Blue the Unseen (Vampire Assassin)                 Turns: 29749, Time: 02:28:03

Health: -3/103     AC: 14    Str: 18    XL:     15   Next: 97%
Magic:  29/29      EV: 17    Int: 24    God:    Dithmenos [******]
Gold:   1133       SH:  0    Dex: 14    Spells: 3 memorised, 19 levels left

rFire  . . .     SeeInvis +     r - +6 quick blade (vamp)
rCold  + + +     Clarity  +     L - +3 leather armour {rC+}
rNeg   + . .     SustAt   .     (no shield)
rPois  .         Gourm    .     b - +1 helmet
rElec  +         Spirit   .     n - +1 cloak "Nysch" {rElec Str+4 Int+4 Dex-2}
rCorr  .         Warding  .     K - +0 pair of gloves
rMut   .         Stasis   .     f - +2 pair of boots
MR     +....                    v - amulet "Fiusu Pui" {Clar +Inv rC++}
Stlth  ++++++++++               w - ring of stealth
                                A - ring of stealth

@: about to teleport, wreathed by umbra, studying Evocations, somewhat resistant
to hostile enchantments, uncannily stealthy
A: fangs 3, see invisible, spit poison 1, strong 2, unbreathing
a: Spit Poison, Bat Form, Shadow Step, Shadow Form, Renounce Religion, Evoke
Invisibility


You were on level 1 of the Abyss.
You worshipped Dithmenos.
Dithmenos was exalted by your worship.
You were not thirsty.

You visited 5 branches of the dungeon, and saw 27 of its levels.
You visited the Abyss 1 time.

You collected 3726 gold pieces.
You spent 2593 gold pieces at shops.

Inventory:

Hand weapons
 a - a +4 dagger of electrocution
 e - a +3 great sword
 r - a +6 vampiric quick blade (weapon)
Armour
 b - a +1 helmet (worn)
 f - a +2 pair of boots (worn)
 n - the +1 cloak "Nysch" (worn) {rElec Str+4 Int+4 Dex-2}
   (You bought it in a shop on level 4 of the Orcish Mines)

   It affects your strength (+4).
   It affects your intelligence (+4).
   It affects your dexterity (-2).
   It insulates you from electricity.
 K - a +0 pair of gloves (worn)
 L - a +3 leather armour of cold resistance (worn)
Jewellery
 v - the amulet "Fiusu Pui" (around neck) {Clar +Inv rC++}
   (You bought it in a shop on level 4 of the Orcish Mines)

   [amulet of clarity]

   It provides mental clarity.
   It greatly protects you from cold.
   It lets you turn invisible.
 w - a ring of stealth (right hand)
 z - the ring "Vuitikui" {*Corrode +Inv rC- Str+10 Slay+2}
   (You found it on level 5 of the Dungeon)

   [ring of slaying]

   It affects your strength (+10).
   It affects your accuracy and damage with ranged weapons and melee attacks
   (+2).
   It makes you vulnerable to cold.
   It lets you turn invisible.
   It may corrode your equipment when you take damage.
 A - a ring of stealth (left hand)
Magical devices
 c - a wand of lightning (6)
 F - a wand of digging (5)
 I - a wand of draining (1)
 J - a wand of hasting (8)
Scrolls
 i - 5 scrolls of teleportation
 o - a scroll of summoning
 p - a scroll of blinking
 q - 4 scrolls of remove curse
 s - 2 scrolls of fog
 t - 2 scrolls of recharging
 u - 2 scrolls of fear
 y - 14 scrolls of identify
 D - 5 scrolls of magic mapping
 E - 2 scrolls of enchant armour
Potions
 d - a potion of agility
 g - 3 potions of blood
 h - 8 potions of heal wounds
 j - 3 potions of brilliance
 k - a potion of flight
 l - 5 potions of might
 m - 5 potions of curing
 x - 2 potions of haste
 B - 3 potions of cancellation
 C - 3 potions of invisibility
 M - 2 potions of resistance
 N - a potion of magic
Books
 G - a manual of Evocations


   Skills:
 - Level 5.1 Fighting
 - Level 10.2 Short Blades
 - Level 1.5 Throwing
 - Level 10.0 Dodging
 - Level 20.0 Stealth
 - Level 10.0 Spellcasting
 + Level 7.7 Conjurations
 - Level 10.0 Hexes
 + Level 10.1 Earth Magic
 - Level 2.0 Invocations
 - Level 10.1 Evocations


You had 19 spell levels left.
You knew the following spells:

 Your Spells              Type           Power        Failure   Level  Hunger
a - Invisibility          Hex            ######..     17%         6    ######.
b - Iron Shot             Conj/Erth      ######....   30%         6    ######.
c - Gell's Gravitas       Hex/Tloc       #####.....   2%          3    None


Dungeon Overview and Level Annotations

Branches:
Dungeon (12/15)            Temple (1/1) D:5            Lair (8/8) D:10
  Swamp (0/4) Lair:6        Snake (0/4) Lair:5        Slime (0/6) Lair:6
    Orc (4/4) D:12            Elf (2/3) Orc:3

Altars:
Ashenzari
Cheibriados
Dithmenos
Elyvilon
Fedhas
Gozag
Kikubaaqudgha
Makhleb
Nemelex Xobeh
Okawaru
Qazlal
Ru
Sif Muna
Trog
Vehumet
Xom
Yredelemnul
Zin
The Shining One
Beogh

Shops:
D:6 ?*?}   Orc:2 %   Orc:4 [*(=

Portals:
Hell: Lair:8


Innate Abilities, Weirdness & Mutations

You have razor-sharp teeth.
You have supernaturally acute eyesight.
You can survive without breathing.
You can spit weak poison.
Your muscles are very strong. (Str +4)


Message History

Read which item? (? for menu, Esc to quit)
As you read the scroll of teleportation, it crumbles to dust.
You feel strangely unstable.
You feel the power of the Abyss delaying your translocation!
Drink which item? (? for menu, Esc to quit)
Yummy - fresh blood!
The sixfirhy hits you!
* * * LOW HITPOINT WARNING * * *
The sixfirhy shocks you. You resist.
* * * LOW HITPOINT WARNING * * *
The sixfirhy hits you.
* * * LOW HITPOINT WARNING * * *
The sixfirhy shocks you. You resist.
* * * LOW HITPOINT WARNING * * *
The sixfirhy hits you!
* * * LOW HITPOINT WARNING * * *
The sixfirhy shocks you. You resist.
* * * LOW HITPOINT WARNING * * *
Unknown command.
The sixfirhy hits you!
You die...

#..#...........
#...#..#%... # #
... ...# ### ##.
#.#...###... ..#
##.# .#.#x#.
...#.## .## .
.#.##.# §##..# .#
#.....§#§§§§.#..#.
#..§@#§§§ .# .
#..#.#§4#§§......
...§####....?#.
#..#. #....# ..#..
###.##.# # # ..# #
.... ..#


You could see a sixfirhy.

Vanquished Creatures
  Saint Roka (Orc:4)
  A deep elf blademaster (Elf:2)
  Azrael (Orc:4)
  A deep elf annihilator (Elf:1)
  Snorg (Lair:7)
  An ettin (D:8)
  A deep elf high priest (Elf:1)
  6 hydras
  Fannar (Lair:2)
  Harold (D:10)
  A catoblepas (D:11)
  15 dancing weapons (Elf:2)
  2 death yaks (Lair:4)
  2 orc high priests
  A wizard (Lair:8)
  14 deep elf knights
  An unseen horror (D:10)
  8 deep elf summoners
  A small abomination (Elf:2)
  Pikel (D:5)
  4 orc knights
  4 griffons
  2 manticores
  13 deep elf conjurers
  3 orc sorcerers (Orc:4)
  An elephant (shapeshifter) (Elf:1)
  3 cyclopes
  An octopode (shapeshifter) (Elf:2)
  7 black mambas
  4 orange demons (Lair:8)
  9 elephants
  A smoke demon (Lair:8)
  14 spiny frogs
  2 torpor snails (Lair:4)
  5 komodo dragons
  2 fire drakes (Lair:8)
  A hellwing (Lair:8)
  8 deep elf priests
  6 trolls
  2 red devils (Lair:8)
  3 blue devils (Lair:8)
  2 two-headed ogres
  15 blink frogs
  8 slime creatures
  21 deep elf magi
  A wyvern (D:11)
  2 spriggans
  A shadow (D:11)
  3 wraiths
  32 yaks
  20 deep elf fighters
  A hungry ghost (D:11)
  2 fire elementals (Orc:4)
  A soldier ant (D:11)
  6 wolves (Lair:7)
  8 hippogriffs
  A human (D:7)
  3 insubstantial wisps (Lair:6)
  A steam dragon (D:9)
  7 wargs
  6 porcupines
  4 ice beasts
  20 water moccasins
  5 hell hounds (Orc:4)
  29 orc warriors
  A wasp (D:8)
  2 sky beasts
  3 centaurs
  9 ogres
  10 crocodiles
  4 phantoms
  Blork the orc (Orc:4)
  17 giant frogs
  A gnoll sergeant (D:5)
  2 scorpions
  A wyvern skeleton (D:10)
  13 killer bees
  2 electric eels
  5 wights (D:12)
  7 crimson imps
  2 centaur zombies
  A giant frog zombie (D:11)
  8 hounds
  A giant frog skeleton (D:10)
  26 orc wizards
  5 centaur skeletons
  A gnoll shaman (D:5)
  20 orc priests
  Ijyb (D:2)
  4 jellies
  10 worker ants
  7 iguanas
  11 sheep
  A hound zombie (D:8)
  A worker ant zombie (D:7)
  22 adders
  3 gnolls (D:5)
  51 river rats
  4 shadow imps
  2 oozes
  3 adder skeletons
  2 worms
  208 orcs
  6 ball pythons
  6 giant cockroaches
  9 hobgoblins
  5 jackals
  4 quokkas
  7 bats
  9 giant geckos
  A giant gecko skeleton (D:8)
  5 giant newts
  8 goblins
  5 kobolds
  A quokka skeleton (D:6)
  16 rats
  A fungus (Lair:8)
  3 plants (Lair:5)
913 creatures vanquished.

Vanquished Creatures (others)
  A slave (D:5)
  An orc wizard (Orc:4)
  A gnoll (D:5)
  4 orcs
  A giant gecko skeleton (D:5)
  35 fungi (Lair:8)
  22 plants
65 creatures vanquished.

Grand Total: 978 creatures vanquished

Notes
Turn   | Place    | Note
--------------------------------------------------------------
     0 | D:1      | Blue the Vampire Assassin began the quest for the Orb.
     0 | D:1      | Reached XP level 1. HP: 16/16 MP: 1/1
    40 | D:1      | Reached skill level 6 in Stealth
   494 | D:1      | Reached XP level 2. HP: 22/22 MP: 2/2
   901 | D:1      | Reached skill level 7 in Stealth
   978 | D:2      | Noticed Ijyb
  1012 | D:2      | Killed Ijyb
  1012 | D:2      | Reached XP level 3. HP: 9/27 MP: 3/3
  1406 | D:2      | Reached skill level 8 in Stealth
  1573 | D:2      | Reached XP level 4. HP: 33/33 MP: 4/4
  1919 | D:2      | Reached skill level 9 in Stealth
  2304 | D:2      | Gained mutation: Your muscles are strong. (Str +2) [potion of beneficial mutation]
  2305 | D:2      | Gained mutation: Your muscles are very strong. (Str +4) [potion of beneficial mutation]
  2394 | D:3      | Found a blossoming altar of Fedhas.
  2406 | D:3      | Reached XP level 5. HP: 38/38 MP: 5/5
  2593 | D:3      | Found a sparkling altar of Nemelex Xobeh.
  2663 | D:3      | Found a glowing golden altar of the Shining One.
  2894 | D:3      | Reached skill level 10 in Stealth
  3082 | D:4      | Got a brightly glowing robe
  3096 | D:4      | Identified the cursed +1 robe of Hadjma {Str+4} (You found it on level 4 of the Dungeon)
  3120 | D:4      | Reached XP level 6. HP: 44/44 MP: 6/6
  3844 | D:5      | Entered Level 5 of the Dungeon
  3908 | D:5      | Reached skill level 5 in Short Blades
  4315 | D:5      | Reached XP level 7. HP: 13/49 MP: 4/7
  4367 | D:5      | Noticed Pikel
  5076 | D:5      | Found a staircase to the Ecumenical Temple.
  5083 | Temple   | Entered the Ecumenical Temple
  5324 | D:5      | Got a twitching iron ring
  5330 | D:5      | Identified the ring "Vuitikui" {*Corrode +Inv rC- Str+10 Slay+2} (You found it on level 5 of the Dungeon)
  5340 | D:5      | Noticed a water moccasin
  5347 | D:5      | Killed Pikel
  5347 | D:5      | Reached XP level 8. HP: 55/55 MP: 6/8
  5348 | D:5      | Killed a water moccasin
  5679 | D:6      | Found Vudgh's Assorted Antiques.
  5685 | D:6      | Bought a scroll of identify for 56 gold pieces
  5685 | D:6      | Bought a scroll labeled YROL RIAFFEZIA for 28 gold pieces
  5685 | D:6      | Bought a fine dagger for 196 gold pieces
  5685 | D:6      | Bought a scroll of identify for 56 gold pieces
  5707 | D:6      | Found Appexitt's Magic Scroll Emporium.
  5814 | D:6      | Reached skill level 10 in Short Blades
  6071 | D:6      | Found Modyxur's Gadget Shoppe.
  6072 | D:6      | Reached skill level 1 in Evocations
  6454 | D:6      | Found Soezxis's Magic Scroll Emporium.
  6931 | D:7      | Reached XP level 9. HP: 61/61 MP: 12/12
  7292 | D:7      | Reached skill level 5 in Evocations
  7722 | D:7      | Found an iron altar of Okawaru.
  7761 | D:7      | Found a shadowy altar of Dithmenos.
  7767 | D:7      | Became a worshipper of Dithmenos the Shadowed
  7770 | D:7      | Reached skill level 5 in Fighting
  7987 | D:8      | Found an opulent altar of Gozag.
  8575 | D:8      | Got a fine scale mail
  8707 | D:8      | Reached skill level 5 in Dodging
  8913 | D:8      | Noticed an ettin
  9499 | D:8      | Reached XP level 10. HP: 74/74 MP: 13/13
  9568 | D:8      | Killed an ettin
  9611 | D:9      | Found a bloodstained altar of Trog.
  9677 | D:9      | Found a shimmering altar of Xom.
  9677 | D:9      | Found a shimmering altar of Xom.
  9677 | D:9      | Found a shimmering altar of Xom.
  9677 | D:9      | Found a shimmering altar of Xom.
  9678 | D:9      | Found a shimmering altar of Xom.
  9681 | D:9      | Found a shimmering altar of Xom.
  9738 | D:9      | Found a shimmering altar of Xom.
  9738 | D:9      | Found a shimmering altar of Xom.
  9738 | D:9      | Found a shimmering altar of Xom.
  9738 | D:9      | Found a shimmering altar of Xom.
  9786 | D:9      | Found a sacrificial altar of Ru.
  9955 | D:9      | Found a roughly hewn altar of Beogh.
 10157 | D:9      | Acquired Dithmenos's first power
 10584 | D:10     | Entered Level 10 of the Dungeon
 10662 | D:10     | Reached skill level 10 in Dodging
 10948 | D:10     | Found a staircase to the Lair.
 10989 | D:10     | Reached skill level 11 in Stealth
 11119 | D:10     | Noticed an unseen horror
 11121 | D:10     | Noticed Harold
 11126 | D:10     | Killed an unseen horror
 11126 | D:10     | Reached skill level 12 in Stealth
 11133 | D:10     | Killed Harold
 11133 | D:10     | Reached skill level 13 in Stealth
 11133 | D:10     | Reached XP level 11. HP: 74/79 MP: 14/14
 11179 | D:10     | Gained mutation: You can spit weak poison. [potion of beneficial mutation]
 11854 | D:6      | Bought a gluggy blue potion for 25 gold pieces
 11854 | D:6      | Bought a scroll labeled CAXEIB IWNEU for 28 gold pieces
 11918 | D:6      | Bought a scroll of brand weapon for 220 gold pieces
 11918 | D:6      | Bought a scroll of identify for 22 gold pieces
 11918 | D:6      | Bought a scroll of identify for 22 gold pieces
 11918 | D:6      | Bought a scroll of identify for 22 gold pieces
 11954 | D:6      | Bought a scroll of teleportation for 45 gold pieces
 12116 | Lair:1   | Entered Level 1 of the Lair of Beasts
 12125 | Lair:1   | Reached skill level 14 in Stealth
 12166 | Lair:1   | Acquired Dithmenos's second power
 12193 | Lair:1   | Reached skill level 15 in Stealth
 12729 | Lair:2   | Noticed Fannar
 12735 | Lair:2   | Killed Fannar
 13353 | Lair:3   | Acquired Dithmenos's third power
 13353 | Lair:3   | Reached XP level 12. HP: 86/86 MP: 13/18
 13837 | Lair:4   | Learned a level 6 spell: Invisibility
 14006 | Lair:4   | Reached skill level 10 in Evocations
 14129 | Lair:4   | Noticed a four-headed hydra
 14136 | Lair:4   | Killed a four-headed hydra
 14136 | Lair:4   | Reached skill level 5 in Hexes
 14149 | Lair:4   | Got a shimmering golden ring
 14151 | Lair:4   | Identified the ring of Eckaw {rC+ MP+9 Str+3} (You found it on level 4 of the Lair of Beasts)
 14532 | Lair:5   | Noticed a seven-headed hydra
 14535 | Lair:5   | Killed a seven-headed hydra
 14773 | Lair:5   | Found a staircase to the Snake Pit.
 14805 | Lair:5   | Reached skill level 10 in Hexes
 14880 | Lair:5   | Noticed a four-headed hydra
 14884 | Lair:5   | Killed a four-headed hydra
 15305 | Lair:6   | Found a staircase to the Swamp.
 15411 | Lair:6   | Found a staircase to the Slime Pits.
 15415 | Lair:6   | Reached skill level 5 in Spellcasting
 15566 | Lair:7   | Acquired Dithmenos's fourth power
 15691 | Lair:7   | Reached XP level 13. HP: 91/91 MP: 21/21
 15864 | Lair:7   | Noticed Snorg
 15883 | Lair:7   | Killed Snorg
 16101 | Lair:8   | Entered Level 8 of the Lair of Beasts
 16419 | Lair:8   | Found a bloodstained altar of Trog.
 16783 | Lair:8   | Found a burning altar of Makhleb.
 17716 | Lair:8   | Reached skill level 10 in Spellcasting
 18334 | Lair:8   | Reached skill level 16 in Stealth
 19060 | Lair:8   | Reached skill level 17 in Stealth
 19103 | Lair:8   | Reached XP level 14. HP: 79/98 MP: 23/28
 19113 | Lair:8   | Found a gateway to Hell.
 19341 | Lair:8   | Learned a level 6 spell: Iron Shot
 19967 | D:11     | Learned a level 3 spell: Gell's Gravitas
 20457 | D:11     | Reached skill level 18 in Stealth
 20590 | D:11     | You fall through a shaft!
 21027 | D:12     | Found a staircase to the Orcish Mines.
 21428 | D:11     | Reached skill level 19 in Stealth
 21789 | Orc:1    | Entered Level 1 of the Orcish Mines
 22722 | Orc:2    | Found Zidats's Food Shoppe.
 22808 | Orc:2    | Found a roughly hewn altar of Beogh.
 23355 | Orc:3    | Found a staircase to the Elven Halls.
 23506 | Orc:3    | Reached skill level 20 in Stealth
 23771 | Orc:4    | Entered Level 4 of the Orcish Mines
 23831 | Orc:4    | Noticed Azrael
 23833 | Orc:4    | Killed Azrael
 23833 | Orc:4    | Reached skill level 1 in Conjurations
 23833 | Orc:4    | Reached skill level 1 in Earth Magic
 24327 | Orc:4    | Noticed Saint Roka
 24330 | Orc:4    | Found a roughly hewn altar of Beogh.
 24788 | Orc:4    | Noticed Blork the orc
 24792 | Orc:4    | Killed Saint Roka
 25263 | Orc:4    | Killed Blork the orc
 25266 | Orc:4    | Found Rotu's General Store.
 25297 | Orc:4    | Reached skill level 5 in Earth Magic
 25318 | Orc:4    | Found Keups's Antique Armour Boutique.
 25344 | Orc:4    | Bought a pair of runed boots for 126 gold pieces
 25369 | Orc:4    | Found Keul Xyn's Antique Weapon Boutique.
 25386 | Orc:4    | Found Qalofel's Jewellery Boutique.
 25393 | Orc:4    | Bought a cursed -3 ring of evasion for 34 gold pieces
 25393 | Orc:4    | Bought the amulet "Fiusu Pui" {Clar +Inv rC++} for 875 gold pieces
 25393 | Orc:4    | Bought an uncursed ring of stealth for 297 gold pieces
 25415 | Orc:4    | Bought the +1 cloak "Nysch" {rElec Str+4 Int+4 Dex-2} for 541 gold pieces
 25721 | Elf:1    | Entered Level 1 of the Elven Halls
 26026 | Elf:1    | Reached XP level 15. HP: 103/103 MP: 29/29
 26431 | Elf:1    | Reached skill level 5 in Conjurations
 27064 | Elf:2    | Found a runed gate.
 27064 | Elf:2    | Found a runed gate.
 27064 | Elf:2    | Found a runed gate.
 28071 | Elf:2    | Noticed a deep elf blademaster
 28078 | Elf:2    | Killed a deep elf blademaster
 28814 | Elf:2    | Reached skill level 10 in Earth Magic
 29569 | Elf:2    | Cast into the Abyss (a deep elf sorcerer)
 29749 | Abyss:1  | Slain by a sixfirhy

Vault maps used:
D:1:      dpeg_arrival_pits, minmay_rat_gold_closets
D:2:      st_stairs_6, uniq_iyjb
D:3:      overflow_temple_1_default, lemuel_round_altar, first_bread,
          fedhas_altar_1
D:4:      minmay_misc_feat_tower
D:5:      minmay_temple_entry_junction2, uniq_pikel
D:6:      serial_shops, shop, shop, kennysheep_mini_moat,
          nicolae_shop_overgrown_old_shop, kennysheep_generic_room_11
D:7:      overflow_temple_1_default, grunt_livestock, okawaru_metal_pillars_1_2
D:8:      lemuel_round_altar
D:9:      xom_shifter_show, nicolae_ru_sacrificial_ziggurat,
          kennysheep_little_box
D:10:     david_lair_shrubbed, minivault_25_ag, uniq_harold
D:12:     orc_0_dummy
Temple:   oiseaux_autumnal_temple_12
Lair:1:   st_stairs_13
Lair:2:   lemuel_fruit_tree, grunt_megastairs_4, infiniplex_staircase_pool,
          uniq_fannar
Lair:3:   patterned_corridor, serial_bayou_shore_b
Lair:5:   minmay_snake_entry_six_corridors, wad_woods_03
Lair:6:   minmay_swamp_entry_wisps, minmay_slime_entry_pillars
Lair:7:   boulder_dual_corridor_run, grunt_forest_large_clearing_hut,
          serial_bayou_shore_b, serial_bayou_shore_b, grunt_megastairs_3,
          uniq_snorg
Lair:8:   evil_forest, basic_altar, serial_bayou_lake_a
Orc:2:    serial_shops, shop, special_room
Orc:3:    minmay_goldmine, nicolae_orc_pool_cavern
Orc:4:    grunt_orc_cross, uniq_azrael
Elf:1:    hangedman_elf_represent
Elf:2:    grunt_ministairs_13, guppyfry_library_mini

Action                   |  1- 3 |  4- 6 |  7- 9 | 10-12 | 13-15 || total
-------------------------+-------+-------+-------+-------+-------++-------
Melee: Dagger            |    77 |   154 |   311 |   537 |  1300 ||  2379
       Quick blade       |       |       |       |       |   178 ||   178
Invok: Shadow Step       |       |       |       |     1 |     1 ||     2
 Abil: End Transformatio |       |     1 |     2 |       |    11 ||    14
       Bat Form          |       |     1 |     2 |       |    11 ||    14
       Evoke Invisibilit |       |       |     7 |    15 |    31 ||    53
  Use: Scroll            |       |    11 |     2 |    19 |     6 ||    38
       Potion            |       |     5 |     4 |     4 |     8 ||    21
 Stab: Sleeping          |    20 |    24 |    16 |    94 |   195 ||   349
       Distracted        |     1 |     2 |     2 |     4 |    11 ||    20
       Invisible         |       |       |    17 |    51 |   116 ||   184
